 Dungeon Sprint DCSS version 0.29.1-2-gbd0b4ee654 (webtiles) character file.

Game seed: 11492970786266034896

39357 boopmooplesden the Executioner (level 13, -9/150 HPs)
             Began as a Minotaur Berserker on Nov 30, 2022.
             Was the Champion of Trog.
             Killed from afar by a wendigo (31 damage)
             ... with a seracfall
             ... in the Dungeon (Sprint V: "Ziggurat Sprint").
             The game lasted 00:09:29 (1479 turns).

boopmooplesden the Executioner (Minotaur Berserker) Turns: 1479, Time: 00:09:29

Health: -9/150     AC: 29    Str: 31    XL:     13   Next: 68%
Magic:  0/12       EV:  8    Int: 16    God:    Trog [******]
Gold:   0          SH: 32    Dex: 11    Spells: 12/12 levels left

rFire   + . .      SeeInvis +   B - +14 obsidian axe {vorpal, Mesm Drain Fly SInv}
rCold   + + +      Faith    .   C - +18 shield of the Gong {rElec rN+ Will+ EV-5}
rNeg    + . .      Spirit   +   i - +5 gold dragon scales
rPois   +          Reflect  .   (helmet restricted)
rElec   +          Harm     +   Q - +0 cloak of Recklessness {Harm rElec Will- Int+6}
rCorr   .          Rampage  .   T - +0 pair of gloves of Vemmiez {+Inv Dex+3 Stlth+}
Will    .....      NoTele   +   (no boots)
Stlth   ..........              J - amulet of Awe {Spirit Regen+ Str+4}
HPRegen 1.15/turn               K - ring of Atheism {rC++ EV+4 Int+6 Dex-2}
MPRegen 0.13/turn               D - ring of poison resistance

@: flying, mesmerised, studying 2 skills
A: horns 2, retaliatory headbutt
a: Renounce Religion, Evoke Invisibility, Berserk, Trog's Hand, Brothers in Arms


You were in the Dungeon.
You worshipped Trog.
Trog was exalted by your worship.
You visited 1 branch

Inventory:

Hand Weapons
 a - a +0 hand axe
 j - a +5 executioner's axe
 B - the +14 obsidian axe (weapon) {vorpal, Mesm Drain Fly SInv}
   (You found it in the Dungeon)

   It inflicts extra damage upon your enemies.
   It occasionally summons demons to assist the wielder when it strikes in
   combat.
   Its wielder is mesmerised by any visible foes.
   It cannot be unequipped while any foes are visible.
   SInv:      It lets you see invisible.
   Fly:       It grants you flight.
   Drain:     It drains your maximum health when unequipped.
 M - the +6 battleaxe of Conscience {flame, rN+ rCorr SInv}
   (Trog gifted it to you in the Dungeon)

   It burns those it strikes, dealing additional fire damage.
   Big, fiery blades are also staple armaments of hydra-hunters.
   rN:        It protects you from negative energy.
   SInv:      It lets you see invisible.
   rCorr:     It protects you from acid and corrosion.
Armour
 b - a +0 animal skin
 i - +5 gold dragon scales (worn)
 C - the +18 shield of the Gong (worn) {rElec rN+ Will+ EV-5}
   (You found it in the Dungeon)

   It is deafeningly noisy when blocking attacks.
   EV:        It affects your evasion (-5).
   rElec:     It insulates you from electricity.
   rN:        It protects you from negative energy.
   Will:      It increases your willpower.
 Q - the +0 cloak of Recklessness (worn) {Harm rElec Will- Int+6}
   (You found it in the Dungeon)

   Int:       It affects your intelligence (+6).
   rElec:     It insulates you from electricity.
   Harm:      It increases damage dealt and taken.
   Will:      It decreases your willpower.
 T - the +0 pair of gloves of Vemmiez (worn) {+Inv Dex+3 Stlth+}
   (You found it in the Dungeon)

   Dex:       It affects your dexterity (+3).
   +Inv:      It lets you turn invisible.
   Stlth:     It makes you more stealthy.
Jewellery
 k - a ring of flight
 l - a +6 ring of dexterity
 m - a +6 ring of dexterity
 n - a +6 ring of intelligence
 o - a +6 ring of intelligence
 p - a +6 ring of strength
 q - a +6 ring of strength
 D - a ring of poison resistance (right hand)
 E - the ring of the Conjuring Gods {rElec rF+ rCorr Str-3 Dex-5}
   (You found it in the Dungeon)

   [ring of protection from fire]

   Str:       It affects your strength (-3).
   Dex:       It affects your dexterity (-5).
   rF:        It protects you from fire.
   rElec:     It insulates you from electricity.
   rCorr:     It protects you from acid and corrosion.
 G - a ring of ice
 H - a ring of see invisible
 I - the ring of Nakhif {rPois Int-5 Dex+6 Slay+5}
   (You found it in the Dungeon)

   [ring of dexterity]

   Int:       It affects your intelligence (-5).
   Dex:       It affects your dexterity (+6).
   Slay:      It affects your accuracy & damage with ranged weapons and melee
   (+5).
   rPois:     It protects you from poison.
 J - the amulet of Awe (around neck) {Spirit Regen+ Str+4}
   (You found it in the Dungeon)

   [amulet of guardian spirit]

   It causes incoming damage to be divided between your reserves of health and
   magic.
   Str:       It affects your strength (+4).
   Regen:     It increases your rate of health regeneration.
 K - the ring of Atheism (left hand) {rC++ EV+4 Int+6 Dex-2}
   (You found it in the Dungeon)

   [ring of evasion]

   EV:        It affects your evasion (+4).
   Int:       It affects your intelligence (+6).
   Dex:       It affects your dexterity (-2).
   rC:        It greatly protects you from cold.
 N - the ring of Yhocoewi {Will++ EV+4 Int+4}
   (You found it in the Dungeon)

   [ring of evasion]

   EV:        It affects your evasion (+4).
   Int:       It affects your intelligence (+4).
   Will:      It greatly increases your willpower.
 O - the ring "Saddogg" {rF- rN+ MP+9 Str+7 Dex-4}
   (You found it in the Dungeon)

   [ring of magical power]

   Str:       It affects your strength (+7).
   Dex:       It affects your dexterity (-4).
   rF:        It makes you vulnerable to fire.
   rN:        It protects you from negative energy.
   MP:        It affects your magic capacity (+9).
 P - the ring of Jushroufo {rPois rCorr}
   (You found it in the Dungeon)

   [ring of resist corrosion]

   rPois:     It protects you from poison.
   rCorr:     It protects you from acid and corrosion.
 S - the ring of Ketsoy {Fly rC+ rCorr}
   (You found it in the Dungeon)

   [ring of protection from cold]

   rC:        It protects you from cold.
   Fly:       It grants you flight.
   rCorr:     It protects you from acid and corrosion.
 U - the ring "Bise" {rF+ rCorr MP+9}
   (You took it off an ancient champion in the Dungeon)

   [ring of magical power]

   rF:        It protects you from fire.
   MP:        It affects your magic capacity (+9).
   rCorr:     It protects you from acid and corrosion.
 V - the amulet "Pifuas" {RegenMP Fly rPois}
   (You found it in the Dungeon)

   [amulet of magic regeneration]

   It increases your rate of magic regeneration.
   rPois:     It protects you from poison.
   Fly:       It grants you flight.
Wands
 r - a wand of mindburst (6)
 s - a wand of acid (7)
Scrolls
 h - 4 scrolls of blinking
 x - 8 scrolls of butterflies
 y - 5 scrolls of identify
 z - 2 scrolls of fear
 R - 4 scrolls of enchant armour
 W - a scroll of brand weapon
Potions
 c - 10 potions of curing
 d - 9 potions of heal wounds
 e - 6 potions of haste
 f - 7 potions of magic
 g - 3 potions of berserk rage
 t - 2 potions of invisibility
 u - 4 potions of resistance
 v - a potion of experience
 w - 6 potions of might
Miscellaneous
 A - a lightning rod (4/4)
 F - a condenser vane (inert)
 L - a condenser vane (inert)


   Skills:
 + Level 24.3 Fighting
 + Level 26.3 Axes
 + Level 16.5 Armour
 + Level 7.9 Dodging
 + Level 3.4 Stealth
 + Level 18.4 Shields
 + Level 1.2 Evocations


You had 12 spell levels left.
You didn't know any spells.
Your spell library was empty.

Dungeon Overview and Level Annotations

Branches:
Dungeon (1/1)

Altars:
Ashenzari
Cheibriados
Dithmenos
Elyvilon
Fedhas
Gozag
Hepliaklqana
Kikubaaqudgha
Makhleb
Nemelex Xobeh
Okawaru
Qazlal
Ru
Sif Muna
Trog
Uskayaw
Vehumet
Wu Jian
Xom
Yredelemnul
Zin
The Shining One
Jiyva
Lugonu


Innate Abilities, Weirdness & Mutations

You have a pair of horns on your head.
You reflexively headbutt those who attack you in melee.


Message History

The bolt of cold hits you. You resist.
* * * LOW HITPOINT WARNING * * *
The bolt of cold hits your orange demon!!
You cannot move away from the azure jelly!
Unknown command.
You feel much better.
Visions of slaying the wendigo flood into your mind.
The tormentor calls on the powers of darkness!
The frost giant convulses! x2; The azure jelly convulses! x2
Your body is wracked with pain!
* * * LOW HITPOINT WARNING * * *
The frost giant is engulfed in noxious fumes.
The frost giant appears confused.
The frost giant gestures wildly.
The frost giant barely misses the wendigo.
The wendigo fires a burst of electricity at you.
The stunning burst hits you. You resist.
* * * LOW HITPOINT WARNING * * *
The dread lich casts a spell.
The dread lich seems to speed up.
The frost giant is engulfed in noxious fumes.
The frost giant appears confused.
You block the azure jelly's attack.
BOUMMMMG!
The azure jelly hits you but does no damage.
You block the azure jelly's attack.
BONNNG!
You block the azure jelly's attack.
PTOANNNG!
You slash the azure jelly! You open a gate to Pandemonium!
A demon appears!
You kill the azure jelly!
Trog accepts your kill.
Visions of slaying the wendigo flood into your mind.
You slice the azure jelly!!
You kill the azure jelly!
Trog accepts your kill.
Visions of slaying the nargun flood into your mind.
The wendigo gestures.
The quokka simulacrum collapses into a mass of ice!
The mass of ice explodes!
The seracfall engulfs you!! You partially resist.
You die...

▓...):[.)
▓..:§§§§§§||..▓........
▓.§§☼C§§§§[)..▓........
▓.§§§§§L2§....▓........
▓.§§§ZCR2°....▓........
▓..R§§§§☼§....▓..▓.÷)).
▓...RZ9§R§....▓.▓▓▓÷))▓
▓....4........▓..▓.....
▓..@....▓ ▓.....©.. ▓
▓▓.....▓▓ ▓▓▓▓▓▓▓▓▓
▓..▓..4....▓..▓....8©8.
▓.............▓..=}.|:.
▓......©......▓...}|)}.
▓▓▓▓▓▓▓▓▓▓▓▓▓▓▓........
▓......[. ▓....).).
▓....)..)


You could see a dread lich (fast), 2 frost giants, 4 wendigos, a shadow demon
(summoned), a nargun (mesmerising, ally target), a tormentor, a ball python
simulacrum, an adder simulacrum, a friendly orange demon (summoned) and a
friendly ice devil (summoned).

Vanquished Creatures
  An iron giant (D)
  A titan (D)
  6 ancient champions (D)
  A death cob (D)
  5 fire giants (D)
  2 azure jellies (D)
  6 war gargoyles (D)
  A vampire knight (D)
  An iron golem (D)
  2 salamander tyrants (D)
  A catoblepas (D)
  An anaconda (D)
  A vampire mage (D)
  4 hell hogs (D)
  2 spriggan berserkers (D)
  A spriggan druid (D)
  A deep elf archer (D)
  A necromancer (D)
  2 draconians (D)
  An elephant (D)
  A shining eye (D)
  A naga mage (D)
  A guardian serpent (D)
  A torpor snail (D)
  A cane toad (D)
  A hellion (D)
  A komodo dragon (D)
  A tormentor (D)
  A polar bear (D)
  A slime creature (D)
  5 spriggans (D)
  A shadow (D)
  A yak (D)
  A hog (shapeshifter) (D)
  A fire bat (shapeshifter) (D)
  A golden eye (D)
  A basilisk (D)
  3 nagas (D)
  A warg (shapeshifter) (D)
  5 water moccasins (D)
  A sky beast (shapeshifter) (D)
  2 phantoms (D)
  A bullfrog (shapeshifter) (D)
  3 necrophages (D)
  2 wights (D)
  2 jellies (D)
  An iguana (D)
  2 orc wizards (D)
  2 adder zombies (D)
  2 orcs (D)
  2 ball pythons (D)
  An endoplasm (D)
  A jackal (D)
  A ball python zombie (D)
  A giant cockroach simulacrum (D)
95 creatures vanquished.

Vanquished Creatures (collateral kills)
  A caustic shrike (D)
  A nagaraja (D)
  A wendigo (D)
  A salamander tyrant (D)
  A deep elf zephyrmancer (D)
  A draconian (D)
  A guardian serpent (D)
  A komodo dragon (D)
  A tormentor (D)
  A hornet (D)
  A shadow (D)
  2 yaks (D)
  3 wolves (D)
  3 necrophages (D)
  3 wights (D)
  An orc priest (D)
  2 orc wizards (D)
  An adder skeleton (D)
  A bat skeleton (D)
  A bat zombie (D)
  A ball python simulacrum (D)
  A ball python skeleton (D)
  A ball python zombie (D)
  2 bat simulacra (D)
  A giant cockroach simulacrum (D)
  A quokka simulacrum (D)
  A quokka zombie (D)
36 creatures vanquished.

Vanquished Creatures (others)
  2 adder simulacra (D)
  2 bat simulacra (D)
  2 quokka simulacra (D)
6 creatures vanquished.

Grand Total: 137 creatures vanquished

Notes
Turn   | Place    | Note
-------+----------+-------------------------------------------
     0 | D        | boopmooplesden the Minotaur Berserker began the quest for
                  | the Orb.
     0 | D        | Reached XP level 1. HP: 19/19 MP: 0/0
    15 | D        | Found a shimmering blue altar of Sif Muna.
    15 | D        | Found a bloodstained altar of Trog.
    15 | D        | Found a sacrificial altar of Ru.
    15 | D        | Found a stormy altar of Qazlal.
    15 | D        | Found an iron altar of Okawaru.
    16 | D        | Found a blossoming altar of Fedhas.
    16 | D        | Found the +6 Majin-Bo {vamp, MP+6 Int+6}
    16 | D        | Found the +9 heavy crossbow "Sniper" {vorpal, Acc+∞ SInv}
    16 | D        | Found the +10 dark maul {vorpal}
    16 | D        | Found the +15 Maxwell's patent armour {-Cast -Tele rElec
                  | Will+ rCorr}
    16 | D        | Found the +18 shield of the Gong {rElec rN+ Will+ EV-5}
    16 | D        | Found the +14 obsidian axe {vorpal, Mesm Drain Fly SInv}
    16 | D        | Found the +7 great mace "Firestarter" {inner flame, rF++}
    16 | D        | Found the +6 shillelagh "Devastator" {shatter}
    16 | D        | Found the +11 plutonium sword {Contam Stlth-}
    16 | D        | Found the +8 lance "Wyrmbane" {slay drac, rPois rF+ rC+
                  | AC+3}
    16 | D        | Found the +9 sword of Zonguldrok {reap}
    16 | D        | Found the +13 scythe of Curses {drain, Drain}
    16 | D        | Found the +5 sword of Power {vorpal}
    16 | D        | Found the +7 mace of Variability {chain chaos}
    16 | D        | Found the +7 Singing Sword {vorpal, sonic wave}
    16 | D        | Found the +8 storm bow {elec, penet}
    17 | D        | Found a viscous altar of Jiyva.
    17 | D        | Found a transporter.
    17 | D        | Found a hazy altar of Hepliaklqana.
    17 | D        | Found an ancient bone altar of Kikubaaqudgha.
    17 | D        | Found an opulent altar of Gozag.
    17 | D        | Found a corrupted altar of Lugonu.
    21 | D        | Found a burning altar of Makhleb.
    22 | D        | Found a sparkling altar of Nemelex Xobeh.
    65 | D        | Entered arena 2.
    65 | D        | Noticed a deep elf zephyrmancer
    65 | D        | Noticed a deep elf archer
    65 | D        | Found a transporter.
    71 | D        | Killed a deep elf zephyrmancer
    72 | D        | Reached skill level 11 in Axes
    72 | D        | Reached XP level 2. HP: 40/40 MP: 1/1
    72 | D        | Reached XP level 3. HP: 47/47 MP: 2/2
    72 | D        | Reached XP level 4. HP: 55/55 MP: 3/3
    72 | D        | Reached XP level 5. HP: 61/61 MP: 4/4
    72 | D        | Reached XP level 6. HP: 68/68 MP: 5/5
    73 | D        | Killed a deep elf archer
    73 | D        | Reached ** piety under Trog
    74 | D        | Reached skill level 13 in Axes
    74 | D        | Reached skill level 5 in Dodging
    74 | D        | Reached XP level 7. HP: 59/79 MP: 6/6
    79 | D        | Entered arena 3.
    79 | D        | Found a transporter.
    82 | D        | Reached *** piety under Trog
    83 | D        | Reached XP level 8. HP: 67/86 MP: 7/7
    88 | D        | Entered arena 4.
    88 | D        | Found a transporter.
    92 | D        | Reached **** piety under Trog
    93 | D        | Reached skill level 14 in Axes
    97 | D        | Entered arena 5.
    97 | D        | Noticed a draconian
    97 | D        | Noticed a draconian
    97 | D        | Noticed a draconian
    97 | D        | Noticed a death cob
    97 | D        | Found a transporter.
    99 | D        | Killed a death cob
   100 | D        | Reached skill level 15 in Fighting
   100 | D        | Reached skill level 16 in Axes
   100 | D        | Reached XP level 9. HP: 68/97 MP: 8/8
   102 | D        | Killed a draconian
   104 | D        | Killed a draconian
   105 | D        | Reached skill level 17 in Axes
   105 | D        | Killed a draconian
   105 | D        | Reached ***** piety under Trog
   110 | D        | Got the ring of the Conjuring Gods {rElec rF+ rCorr Str-3
                  | Dex-5}
   279 | D        | Entered arena 6.
   279 | D        | Found a transporter.
   281 | D        | Reached skill level 10 in Armour
   285 | D        | Noticed a sun demon
   287 | D        | Reached skill level 18 in Axes
   287 | D        | Reached XP level 10. HP: 110/110 MP: 9/9
   306 | D        | Entered arena 7.
   306 | D        | Noticed a spriggan rider
   307 | D        | Found a transporter.
   313 | D        | Received a gift from Trog
   317 | D        | Reached skill level 5 in Shields
   332 | D        | Entered arena 8.
   332 | D        | Noticed a shining eye
   333 | D        | Found a transporter.
   336 | D        | Reached ****** piety under Trog
   338 | D        | Reached skill level 19 in Axes
   341 | D        | Killed a shining eye
   345 | D        | Got the ring of Nakhif {rPois Int-5 Dex+6 Slay+5}
   349 | D        | Entered arena 9.
   350 | D        | Found a transporter.
   355 | D        | Received a gift from Trog
   363 | D        | Got the amulet of Awe {Spirit Regen+ Str+4}
   370 | D        | Got the ring of Atheism {rC++ EV+4 Int+6 Dex-2}
   376 | D        | Entered arena 10.
   377 | D        | Found a transporter.
   383 | D        | Received a gift from Trog
   392 | D        | Entered arena 11.
   392 | D        | Noticed a cane toad
   393 | D        | Found a transporter.
   398 | D        | Killed a cane toad
   399 | D        | Reached skill level 20 in Axes
   399 | D        | Identified the +6 battleaxe of Conscience {flame, rN+ rCorr
                  | SInv} (Trog gifted it to you in the Dungeon)
   399 | D        | Received a gift from Trog
   409 | D        | Entered arena 12.
   409 | D        | Noticed a titan
   410 | D        | Noticed a wendigo
   412 | D        | Found a transporter.
   416 | D        | Reached XP level 11. HP: 47/121 MP: 3/10
   420 | D        | Killed a titan
   420 | D        | Killed a wendigo
   421 | D        | Reached skill level 1 in Stealth
   540 | D        | Got the ring of Yhocoewi {Will++ EV+4 Int+4}
   544 | D        | Got the ring "Saddogg" {rF- rN+ MP+9 Str+7 Dex-4}
   719 | D        | Entered arena 13.
   720 | D        | Noticed an anaconda
   721 | D        | Noticed a nagaraja
   722 | D        | Found a transporter.
   723 | D        | Received a gift from Trog
   725 | D        | Reached skill level 21 in Axes
   727 | D        | Killed an anaconda
   728 | D        | Reached skill level 10 in Shields
   732 | D        | Received a gift from Trog
   732 | D        | Found the +8 mithril axe "Arga" {speed, Will+}
   736 | D        | Killed a nagaraja
   736 | D        | Received a gift from Trog
   740 | D        | Got the ring of Jushroufo {rPois rCorr}
   771 | D        | Entered arena 14.
   773 | D        | Noticed a vampire knight
   773 | D        | Noticed a necromancer
   773 | D        | Noticed a vampire mage
   774 | D        | Found a transporter.
   779 | D        | Killed a necromancer
   779 | D        | Received a gift from Trog
   780 | D        | Noticed a shadow wraith
   784 | D        | Killed a vampire mage
   787 | D        | Killed a vampire knight
   802 | D        | Got the +0 cloak of Recklessness {Harm rElec Will- Int+6}
   814 | D        | Entered arena 15.
   815 | D        | Noticed a spriggan druid
   815 | D        | Noticed a spriggan berserker
   815 | D        | Noticed a catoblepas
   817 | D        | Noticed a spriggan berserker
   821 | D        | Killed a spriggan berserker
   821 | D        | Received a gift from Trog
   821 | D        | Killed a spriggan druid
   822 | D        | Reached skill level 22 in Axes
   822 | D        | Reached XP level 12. HP: 134/134 MP: 9/11
   824 | D        | Killed a catoblepas
   825 | D        | Received a gift from Trog
   829 | D        | Found a transporter.
   847 | D        | Got the ring of Ketsoy {Fly rC+ rCorr}
  1185 | D        | Entered arena 16.
  1186 | D        | Noticed a hell hog
  1186 | D        | Noticed a fire giant
  1186 | D        | Noticed a fire giant
  1186 | D        | Noticed a salamander tyrant
  1186 | D        | Noticed a hell hog
  1186 | D        | Noticed a hell hog
  1186 | D        | Noticed a salamander tyrant
  1186 | D        | Noticed a salamander tyrant
  1186 | D        | Noticed a fire giant
  1186 | D        | Noticed a fire giant
  1188 | D        | Noticed a fire giant
  1188 | D        | Noticed a hell hog
  1189 | D        | Found a transporter.
  1191 | D        | Killed a hell hog
  1191 | D        | Killed a hell hog
  1193 | D        | Killed a hell hog
  1194 | D        | Killed a salamander tyrant
  1194 | D        | Received a gift from Trog
  1194 | D        | Killed a fire giant
  1194 | D        | HP: 4/204 [fire giant/bolt of fire (19)]
  1195 | D        | Reached skill level 23 in Axes
  1195 | D        | Reached skill level 15 in Shields
  1195 | D        | Killed a salamander tyrant
  1196 | D        | Killed a hell hog
  1198 | D        | Killed a fire giant
  1198 | D        | Received a gift from Trog
  1200 | D        | Killed a fire giant
  1201 | D        | Killed a fire giant
  1201 | D        | Received a gift from Trog
  1201 | D        | Killed a fire giant
  1203 | D        | Killed a salamander tyrant
  1277 | D        | Got the +0 pair of gloves of Vemmiez {+Inv Dex+3 Stlth+}
  1393 | D        | Entered arena 17.
  1396 | D        | Noticed a war gargoyle
  1396 | D        | Noticed an iron giant
  1396 | D        | Noticed a caustic shrike
  1396 | D        | Noticed a war gargoyle
  1396 | D        | Noticed an ancient champion
  1396 | D        | Noticed an ancient champion
  1396 | D        | Noticed a war gargoyle
  1396 | D        | Noticed a war gargoyle
  1396 | D        | Noticed an ancient champion
  1397 | D        | Noticed a war gargoyle
  1397 | D        | Noticed a war gargoyle
  1397 | D        | Noticed an ancient champion
  1397 | D        | Identified the ring "Bise" {rF+ rCorr MP+9}
  1397 | D        | Noticed an ancient champion
  1398 | D        | Noticed an ancient champion
  1398 | D        | Noticed an iron golem
  1401 | D        | Killed a war gargoyle
  1402 | D        | Killed a caustic shrike
  1403 | D        | Reached skill level 24 in Axes
  1403 | D        | Reached skill level 15 in Armour
  1403 | D        | Reached XP level 13. HP: 146/146 MP: 9/12
  1404 | D        | Killed a war gargoyle
  1404 | D        | Received a gift from Trog
  1404 | D        | Killed an ancient champion
  1405 | D        | Killed a war gargoyle
  1405 | D        | Killed a war gargoyle
  1409 | D        | Killed a war gargoyle
  1409 | D        | Killed an ancient champion
  1409 | D        | Received a gift from Trog
  1410 | D        | Reached skill level 25 in Axes
  1410 | D        | Killed an iron golem
  1410 | D        | Killed an ancient champion
  1410 | D        | Killed a war gargoyle
  1411 | D        | Reached skill level 1 in Evocations
  1412 | D        | Killed an ancient champion
  1412 | D        | Killed an ancient champion
  1412 | D        | Received a gift from Trog
  1413 | D        | Killed an ancient champion
  1414 | D        | Reached skill level 26 in Axes
  1422 | D        | Killed an iron giant
  1422 | D        | Received a gift from Trog
  1423 | D        | Found a transporter.
  1463 | D        | Got the amulet "Pifuas" {RegenMP Fly rPois}
  1470 | D        | Entered arena 18.
  1473 | D        | Noticed a wendigo
  1473 | D        | Noticed a nargun
  1473 | D        | Noticed an azure jelly
  1473 | D        | Noticed a dread lich
  1473 | D        | Noticed an azure jelly
  1473 | D        | Noticed a wendigo
  1473 | D        | Noticed a frost giant
  1473 | D        | Noticed a frost giant
  1473 | D        | Noticed a wendigo
  1473 | D        | Noticed a wendigo
  1478 | D        | Killed an azure jelly
  1479 | D        | Killed an azure jelly
  1479 | D        | Killed from afar by a wendigo

Illustrated notes

Levels and vault maps discovered:
D:        sprint_v [room_start, room_1, room_2, room_3, room_4, room_5, room_6,
          room_7, room_8, room_9, room_10, room_11, room_12, room_13, room_14,
          room_15, room_16, room_17, room_18, room_19, room_20, room_21,
          room_22, room_23, room_24, room_25, room_26, room_27]

Skill      XL: |  1  2  3  4  5  6  7  8  9 10 11 12 13 |
---------------+----------------------------------------+-----
Fighting       | 11 13 15 16 18 20 22 24 | 24.3
Axes           | 11 13 16 18 20 22 24 26 | 26.3
Armour         | 6 7 8 9 10 11 13 15 16 | 16.5
Dodging        | 4 5 6 7 |  7.9
Shields        | 2 3 8 13 16 18 | 18.4
Stealth        | 3 |  3.4
Evocations     | 1 |  1.2

Action                   |  1- 3 |  4- 6 |  7- 9 | 10-12 | 13-15 || total
-------------------------+-------+-------+-------+-------+-------++-------
Melee: Broad axe         |     1 |     1 |    18 |    86 |    20 ||   126
       Headbutt          |       |       |     3 |    10 |     8 ||    21
Invok: Berserk           |     1 |       |       |     5 |       ||     6
Evoke: Condenser vane    |       |       |       |     1 |     1 ||     2
       Wand              |       |       |       |       |     1 ||     1
  Use: Potion            |       |       |       |       |     1 ||     1
 Stab: Distracted        |       |       |       |     2 |     1 ||     3
Armor: Gold dragon scale |     1 |       |     6 |    23 |     6 ||    36
Dodge: Dodged            |       |       |     1 |    10 |     1 ||    12
Block: Kite shield       |     1 |       |    20 |   130 |    19 ||   170
